 Dungeon Crawl Stone Soup version 0.28-a0-167-g7eff39e849 (webtiles) character file.

Game seed: 17653029016476972539

3308 Fama the Blocker (level 10, 0/67 HPs)
             Began as a Gargoyle Fighter on Aug 13, 2021.
             Was a Follower of Okawaru.
             Slain by a tengu warrior (13 damage)
             ... on level 8 of the Dungeon on Aug 16, 2021.
             The game lasted 00:23:11 (9875 turns).

Fama the Blocker (Gargoyle Fighter)                 Turns: 9875, Time: 00:23:12

Health: 0/67       AC: 12    Str: 23    XL:     10   Next: 1%
Magic:  19/19      EV: 10    Int:  9    God:    Okawaru [*.....]
Gold:   752        SH: 10    Dex:  9    Spells: 9/9 levels left

rFire   . . .      SeeInvis +   a - +0 morningstar
rCold   . . .      Faith    .   y - +0 kite shield
rNeg    + . .      Spirit   .   t - +4 robe of the World {+Inv rElec SInv}
rPois   ∞          Reflect  .   (helmet restricted)
rElec   +          Harm     .   (no cloak)
rCorr   +          Rampage  .   (no gloves)
Will    .....                   (no boots)
Stlth   +.........              (no amulet)
HPRegen 0.21/turn               p - ring of magical power
MPRegen 0.16/turn               g - ring of resist corrosion

@: unable to read
A: sickness immunity, AC +7, negative energy resistance 1, electricity
resistance, torment resistance 1, petrification resistance, horns 1, deformed
body, robust 1, inability to read while threatened
a: Renounce Religion, Evoke Invisibility, Heroism


You were on level 8 of the Dungeon.
You worshipped Okawaru.
Okawaru was aware of your devotion.
You visited 1 branch of the dungeon, and saw 8 of its levels.
You also visited: Sewer.

You collected 752 gold pieces.

Inventory:

Hand Weapons
 a - a +0 morningstar (weapon)
 b - a +4 dagger of holy wrath
 n - a +0 flail
 v - a +0 whip of draining
Missiles
 e - a curare-tipped dart
 h - 77 poisoned darts (quivered)
 o - 5 silver javelins
 q - 17 boomerangs
 u - 2 silver boomerangs
Armour
 r - a +0 chain mail
 t - the +4 robe of the World (worn) {+Inv rElec SInv}
   (You found it on level 5 of the Dungeon)

   rElec:     It insulates you from electricity.
   SInv:      It lets you see invisible.
   +Inv:      It lets you turn invisible.
 x - a +2 buckler
 y - a +0 kite shield (worn)
 F - a +0 pair of boots
Jewellery
 g - a ring of resist corrosion (right hand)
 p - a ring of magical power (left hand)
 w - an amulet of the acrobat
Wands
 l - a wand of flame (13)
 z - a wand of paralysis (6)
 B - a wand of charming (8)
Scrolls
 i - a scroll of enchant armour
 A - 4 scrolls of teleportation
 C - a scroll of amnesia
Potions
 d - 4 potions of brilliance {unknown}
 f - 2 potions of attraction
 j - 2 potions of flight
 k - a potion of magic {unknown}
 m - 3 potions of degeneration {unknown}
 s - a potion of resistance {unknown}
 D - a potion of ambrosia {unknown}


   Skills:
 + Level 6.7 Fighting
 * Level 7.9 Maces & Flails
 + Level 2.2 Throwing
 + Level 6.6 Armour
 * Level 9.1 Shields
 + Level 2.2 Evocations


You had 9 spell levels left.
You didn't know any spells.
Your spell library contained the following spells:

 Spells                   Type           Power      Damage    Failure   Level
 Beastly Appendage        Tmut           0%         N/A       65%         1
 Corpse Rot               Necr/Air       N/A        N/A       78%         2
 Slow                     Hex            0%         N/A       78%         2
 Wereblood                Tmut           0%         N/A       78%         2
 Confusing Touch          Hex            0%         N/A       95%         3
 Ozocubu's Armour         Ice            0%         N/A       95%         3
 Spider Form              Tmut/Pois      0%         N/A       95%         3
 Vampiric Draining        Necr           0%         2d6       95%         3
 Dispel Undead            Necr           0%         3d6       100%        4
 Death Channel            Necr           0%         N/A       100%        6
 Ozocubu's Refrigeration  Ice            0%         4d5       100%        7


Dungeon Overview and Level Annotations

Branches:
Dungeon (8/15)             Temple (0/1) D:7           Sewer (visited)
   Lair: D:8-11

Altars:
Dithmenos
Elyvilon
Gozag
Makhleb
Nemelex Xobeh
Okawaru
Uskayaw
Vehumet
Xom
Zin
The Shining One

Shops:
D:5 ::?:**


Innate Abilities, Weirdness & Mutations

You are immune to sickness and miasma.
Your stone body is resilient. (AC +7)
You are immune to poison.
You resist negative energy. (rN+)
You are resistant to electric shocks. (rElec)
You are resistant to unholy torment.
You are immune to petrification.
You have a pair of small horns on your head.
Armour fits poorly on your strangely shaped body.
You are robust. (+10% HP)
You sometimes lose the ability to read scrolls when taking damage.


Message History

The gnoll barely misses you.
You closely miss the gnoll. Your headbutt misses the gnoll.
The gnoll barely misses you. The gnoll hits you with a +0 halberd.
You closely miss the gnoll. You headbutt the gnoll.
The gnoll is moderately wounded.
The gnoll hits you with a +0 halberd.
You closely miss the gnoll. Your headbutt misses the gnoll.
The gnoll is moderately wounded.
The gnoll barely misses you.
You impale the gnoll!!
You kill the gnoll!
Okawaru accepts your kill.
You now have 734 gold pieces (gained 9).
Things that are here:
a +0 halberd; a gnoll corpse You now have 752 gold pieces (gained 18).
There is an open door, spattered with blood here.
Items here: ( ) [ ÷.
Okay, then.
Found a ring mail.
You see here a +0 ring mail.
Things that are here:
a +0 ring mail; a +0 robe
Found a ring mail.
A tengu warrior comes into view. It is wielding a +0 bardiche.
The tengu warrior shouts!
The tengu warrior hits you with a +0 bardiche!
The tengu warrior pecks you but does no damage.
You block the tengu warrior's attack.
You miss the tengu warrior. Your headbutt misses the tengu warrior.
You block the tengu warrior's attack. The tengu warrior closely misses you.
The tengu warrior claws you but does no damage.
You closely miss the tengu warrior.
The tengu warrior hits you with a +0 bardiche.
You block the tengu warrior's attack. The tengu warrior barely misses you.
You puncture the tengu warrior! Your headbutt misses the tengu warrior.
The tengu warrior is lightly wounded.
The tengu warrior hits you with a +0 bardiche!
You feel threatened and lose the ability to read scrolls!
The tengu warrior pecks you but does no damage.
You block the tengu warrior's attack.
The tengu warrior hits you with a +0 bardiche!
You block the tengu warrior's attack.
The tengu warrior claws you but does no damage.
You cannot read scrolls in your current state!
The tengu warrior hits you from afar with a +0 bardiche!!
* * * LOW HITPOINT WARNING * * *
You see here a +0 ring mail.
The tengu warrior hits you from afar with a +0 bardiche!
You die...

#.####..# #.# #[##### #.......#
#.# #.# #..###.## #.#######.#
#..# .# #.........# # #..###.#
##.##..#### ### ## #......#
#.##..### #.# .####.#.###
#.....#.####.#
..###....#########.#.......#+#...
..).............@.Q...[###.....#
..###....#########.....# #.....#
.####.#.## ##.#.## +.....+ ##
#..### #.### ........ # #.## #.#
+.....+# #.# #.# #...8.# #.# ...
#.....# #.# #.# ..#+#.. #.## #..


You could see a tengu warrior.

Vanquished Creatures
  A troll (D:6)
  Grinder (D:3)
  A wyvern (D:8)
  Eustachio (D:6)
  3 yaks (D:8)
  A steam dragon (D:5)
  2 water moccasins
  A black bear (D:6)
  A sky beast (D:6)
  A necrophage (D:6)
  An ogre (D:4)
  A centaur (D:5)
  A phantom (D:3)
  3 kobold brigands
  A gnoll sergeant (D:8)
  A bullfrog (D:7)
  2 scorpions (D:5)
  2 water moccasin zombies (D:5)
  3 wights (D:7)
  A centaur zombie (D:6)
  A jelly (D:5)
  6 hounds
  2 orc priests (D:4)
  2 iguanas
  A killer bee zombie (D:6)
  Robin (D:3)
  A howler monkey skeleton (D:5)
  4 gnolls (D:8)
  A howler monkey zombie (D:5)
  A river rat (Sewer)
  3 adders
  3 white imps
  An ufetubus (D:6)
  2 adder skeletons (D:4)
  2 worms
  3 dart slugs
  15 orcs
  3 ball pythons (D:1)
  7 bats
  2 endoplasms
  4 giant cockroaches
  15 goblins
  5 hobgoblins
  10 jackals
  12 kobolds
  7 quokkas
  2 frilled lizards
  9 rats
  A butterfly (D:3)
155 creatures vanquished.

Notes
Turn   | Place    | Note
-------+----------+-------------------------------------------
     0 | D:1      | Fama the Gargoyle Fighter began the quest for the Orb.
     0 | D:1      | Reached XP level 1. HP: 14/14 MP: 1/1
   497 | D:1      | Reached XP level 2. HP: 19/19 MP: 2/2
  1219 | D:2      | Reached XP level 3. HP: 18/23 MP: 3/3
  2128 | D:3      | Reached skill level 4 in Shields
  2163 | D:3      | Found a glowing drain.
  2236 | D:3      | Reached XP level 4. HP: 26/29 MP: 4/4
  2500 | D:3      | Noticed Robin
  2508 | D:3      | Killed Robin
  2517 | D:3      | Reached skill level 3 in Maces & Flails
  2547 | D:3      | Found a shimmering altar of Xom.
  2562 | D:3      | Noticed a phantom
  2578 | D:3      | Killed a phantom
  2579 | D:3      | Reached XP level 5. HP: 17/33 MP: 5/5
  2639 | D:3      | Noticed Grinder
  2644 | D:3      | Gained mutation: Armour fits poorly on your strangely
                  | shaped body. [potion of mutation]
  2644 | D:3      | Gained mutation: You have a pair of small horns on your
                  | head. [potion of mutation]
  2644 | D:3      | Gained mutation: You sometimes lose the ability to read
                  | scrolls when taking damage. [potion of mutation]
  2644 | D:3      | Gained mutation: You are robust. (+10% HP) [potion of
                  | mutation]
  2714 | Sewer    | Entered a sewer
  2929 | Sewer    | Noticed a kobold brigand
  2947 | Sewer    | Killed a kobold brigand
  2948 | Sewer    | Reached skill level 5 in Shields
  2948 | Sewer    | Reached XP level 6. HP: 20/41 MP: 6/6
  3124 | Sewer    | Found a glowing silver altar of Zin.
  3373 | D:3      | Paralysed by Grinder for 3 turns
  3379 | D:3      | Killed Grinder
  3380 | D:3      | Reached XP level 7. HP: 22/48 MP: 7/7
  4425 | D:4      | Reached skill level 6 in Shields
  4679 | D:4      | Found a glowing silver altar of Zin.
  4679 | D:4      | Found a white marble altar of Elyvilon.
  4679 | D:4      | Found a glowing golden altar of the Shining One.
  5061 | D:5      | Entered Level 5 of the Dungeon
  5305 | D:5      | Found Fabe's Book Boutique.
  5338 | D:5      | Found Buuphid's Magic Scroll Emporium.
  5349 | D:5      | Noticed a steam dragon
  5367 | D:5      | Killed a steam dragon
  5368 | D:5      | Reached XP level 8. HP: 4/53 MP: 8/8
  5938 | D:5      | Found Zuycvarui's Book Shop.
  5989 | D:5      | Found Geunuegg's Book Shoppe.
  6076 | D:5      | Identified the +4 robe of the World {+Inv rElec SInv}
  6093 | D:5      | Reached skill level 7 in Shields
  6194 | D:5      | Found Cisk's Specific Store.
  6198 | D:5      | Found Sulawaoc's General Store.
  6213 | D:5      | Reached skill level 6 in Maces & Flails
  6396 | D:6      | Noticed Eustachio
  6424 | D:6      | HP: 2/56 [water moccasin (2)]
  6673 | D:5      | Upgraded the game from 0.28-a0-119-ga52ba8600a to
                  | 0.28-a0-122-gfd0ec89410
  6714 | D:6      | Killed Eustachio
  6790 | D:6      | Reached XP level 9. HP: 48/60 MP: 9/9
  6905 | D:6      | Noticed a two-headed ogre
  7222 | D:6      | Reached skill level 6 in Fighting
  7322 | D:6      | Reached skill level 6 in Armour
  7322 | D:6      | Reached skill level 8 in Shields
  7515 | D:6      | Found a burning altar of Makhleb.
  7515 | D:6      | Found an opulent altar of Gozag.
  7523 | D:6      | Found an iron altar of Okawaru.
  7525 | D:6      | Found a hide-covered altar of Uskayaw.
  7527 | D:6      | Found a radiant altar of Vehumet.
  7587 | D:6      | Became a worshipper of Warmaster Okawaru
  7915 | D:7      | Noticed a troll
  7941 | D:6      | Killed a troll
  7942 | D:6      | Reached skill level 1 in Throwing
  7942 | D:6      | Reached skill level 1 in Evocations
  8337 | D:7      | Found a shadowy altar of Dithmenos.
  8517 | D:7      | Upgraded the game from 0.28-a0-122-gfd0ec89410 to
                  | 0.28-a0-167-g7eff39e849
  8518 | D:7      | Identified a scroll of acquirement
  8519 | D:7      | Acquired 395 gold pieces
  8748 | D:7      | Found a staircase to the Ecumenical Temple.
  9030 | D:8      | Reached * piety under Okawaru
  9227 | D:8      | Found a sparkling altar of Nemelex Xobeh.
  9271 | D:8      | Reached skill level 9 in Shields
  9502 | D:8      | Reached XP level 10. HP: 32/67 MP: 10/10
  9861 | D:8      | Noticed a tengu warrior
  9875 | D:8      | Slain by a tengu warrior

Illustrated notes

Levels and vault maps discovered:
D:1:      scummos_arrival_gate, layout_loops_ring
D:2:      layout_loops_corners, nicolae_underground_beach
D:3:      layout_loops_ring, xom_butterflies, portal_sewer_entry_f,
          grunt_ministairs_8, uniq_robin, uniq_grinder
D:4:      layout_loops_ring, good_gods_mini_temple
D:5:      layout_rooms, serial_shops, nicolae_shop_statue_plus,
          nicolae_shop_statue_plus, nicolae_shop_statue_plus,
          nicolae_shop_statue_plus, minmay_misc_feat_nine_boxes,
          nicolae_specific_store, st_stairs_1, minmay_misc_feat_tiny
D:6:      layout_cave_pools, chequers_temple_overflow_minitemple, uniq_eustachio
D:7:      layout_cave_pools, nicolae_overflow_crystal_walls,
          minmay_temple_entry_hall
D:8:      layout_loops_corners, nemelex_spade_bored_becter,
          minmay_misc_feat_doors, hellmonk_guarded_unrand_lears

Skill      XL: |  1  2  3  4  5  6  7  8  9 |
---------------+----------------------------+-----
Shields        | 4 5 6 7 9 |  9.1
Maces & Flails | 3 4 5 6 7 |  7.9
Fighting       | 4 5 6 |  6.7
Armour         | 4 5 6 |  6.6
Throwing       | 2 |  2.2
Evocations     | 2 |  2.2

Action                   |  1- 3 |  4- 6 |  7- 9 | 10-12 || total
-------------------------+-------+-------+-------+-------++-------
Melee: Flail             |   126 |   133 |    24 |       ||   283
       Headbutt          |       |     5 |    54 |     4 ||    63
       Morningstar       |       |       |   326 |    23 ||   349
Throw: Dart              |       |     8 |    14 |     2 ||    24
       Boomerang         |       |       |     1 |       ||     1
Evoke: Wand              |       |       |     9 |     1 ||    10
  Use: Scroll            |     2 |     1 |     5 |       ||     8
       Potion            |     1 |     2 |     8 |       ||    11
Armor: Scale mail        |    77 |    63 |       |       ||   140
       Chain mail        |       |       |    91 |       ||    91
       Robe              |       |       |   150 |    10 ||   160
Dodge: Dodged            |    39 |    46 |   217 |    11 ||   313
Block: Kite shield       |    69 |    75 |   297 |    13 ||   454

Table legend: (Time is in decaauts)
 A = Elapsed time spent in this place.
 B = Non-inter-level travel time spent in this place.
 C = Inter-level travel time spent in this place.
 D = Time resting spent in this place.
 E = Time spent auto-exploring this place.
 F = Levels seen in this place.
 G = Mean time per level.
                   A        B        C        D        E       F      G
               +--------+--------+--------+--------+--------+-----+--------+
         Total |  10145 |   9938 |    207 |   2729 |   5266 |   9 | 1127.2 |
       Dungeon |   9622 |   9415 |    207 |   2404 |   5129 |   8 | 1202.8 |
         Sewer |    522 |    522 |      0 |    325 |    137 |   1 |  522.0 |
               +--------+--------+--------+--------+--------+-----+--------+

Top non-repeatable levels by time:
     D:6: 1508 daAuts
     D:4: 1389 daAuts
     D:5: 1356 daAuts
     D:3: 1323 daAuts
     D:8: 1108 daAuts
     D:1: 1088 daAuts
     D:2: 1050 daAuts
     D:7: 797 daAuts
   Sewer: 522 daAuts
